 Dungeon Crawl Stone Soup version 0.25-a0-1015-g4819203062 (webtiles) character file.

Game seed: 2716112603589251446, levelgen mode: deterministic

219 P0NYSLAYSTATION the Chopper (level 5, 0/51 HPs)
             Began as a Hill Orc Monk on May 12, 2020.
             Was a Believer of Beogh.
             Killed from afar by an orc wizard (3 damage)
             ... with a magic dart
             ... on level 4 of the Dungeon.
             The game lasted 00:06:24 (1084 turns).

P0NYSLAYSTATION the Chopper (Hill Orc Monk)         Turns: 1084, Time: 00:06:25

Health: 0/51       AC:  7    Str: 15    XL:     5   Next: 96%
Magic:  4/8        EV: 12    Int: 10    God:    Beogh [**....]
Gold:   44         SH:  0    Dex: 13    Spells: 9/9 levels left

rFire    . . .     SeeInvis .   a - +0 hand axe
rCold    . . .     Gourm    .   (no shield)
rNeg     . . .     Faith    .   e - +0 ring mail
rPois    .         Spirit   .   (no helmet)
rElec    .         Reflect  .   f - +0 cloak
rCorr    .         Harm     .   (no gloves)
MR       .....                  (no boots)
Stlth    ++........             (no amulet)
HPRegen  0.17/turn              (no ring)
MPRegen  0.11/turn              (no ring)

@: lethally poisoned (0 -> -2), berserk cooldown, slowed, very slow
A: no striking features
a: Smiting, Renounce Religion


You were on level 4 of the Dungeon.
You worshipped Beogh.
Beogh was pleased with you.
You were not hungry.

You visited 1 branch of the dungeon, and saw 5 of its levels.

You collected 44 gold pieces.

Inventory:

Hand Weapons
 a - a +0 hand axe (weapon)
Armour
 b - a +0 robe
 e - a +0 ring mail (worn)
 f - a +0 cloak (worn)
Jewellery
 j - an uncursed ring of wizardry {unknown}
 k - an uncursed amulet of guardian spirit {unknown}
Scrolls
 i - a scroll of identify {unknown}
Potions
 d - a potion of cancellation
Comestibles
 c - 3 rations


   Skills:
 + Level 6.5 Fighting
 + Level 7.4 Axes
 + Level 3.1 Throwing
 + Level 5.7 Armour
 - Level 3.0 Dodging
 + Level 3.7 Stealth
 + Level 3.7 Unarmed Combat
 + Level 2.6 Spellcasting
 + Level 4.5 Invocations


You had 9 spell levels left.
You didn't know any spells.
Your spell library was empty.

Dungeon Overview and Level Annotations

Branches:
Dungeon (5/15)
 Temple: D:4-7

Altars:


Message History

Your Fighting skill gained 2 levels and is now at level 6!
Your Axes skill gained 2 levels and is now at level 7!
Your Throwing skill gained 3 levels and is now at level 3!
Your Armour skill gained 5 levels and is now at level 5!
Your Stealth skill gained 2 levels and is now at level 3!
Your Unarmed Combat skill gained 3 levels and is now at level 3!
Your Spellcasting skill gained 2 levels and is now at level 2!
Your Invocations skill gained 4 levels and is now at level 4!
You have reached level 5!
You feel stronger. The orc wizard misses you.
The orc wizard closely misses you.
The orc wizard hits you but does no damage.
You feel sick.
The orc wizard mumbles some strange words.
The orc wizard blinks!
The orc priest dies!
The orc wizard gestures at you while chanting.
The magic dart hits you.
You die...
Beogh appreciates the orc wizard's killing of a heretic priest.

##.........###..#
#..###..)......#
#...........#
###...#.......#
###..##.#.......# #
#....#...#......## .#
#.....####.......# ..###
##$.#§##
#.......###......
####..###...§.@..>.......
#oo##.o......##....##.
##a###.#....## ###....
#....#...#....## ...
#...##o...o..## . ####
#..).....# ##.o.#...#
##.......# .##......#


You could see an orc wizard (fast) and 2 neutral orc wizards.

Vanquished Creatures
  A scorpion (D:2)
  A hound skeleton (D:4)
  2 adders
  An adder skeleton (D:4)
  A dart slug (D:3)
  7 orcs
  A ball python (D:2)
  2 giant cockroaches
  2 hobgoblins
  A kobold (D:2)
  A quokka (D:2)
  2 frilled lizards
  2 goblins
  A jackal skeleton (D:4)
  2 rats
27 creatures vanquished.

Vanquished Creatures (others)
  An orc priest (D:4)
  A worker ant (D:4)
2 creatures vanquished.

Grand Total: 29 creatures vanquished

Notes
Turn   | Place    | Note
-------+----------+-------------------------------------------
     0 | D:1      | P0NYSLAYSTATION the Hill Orc Monk began the quest for the
                  | Orb.
     0 | D:1      | Reached XP level 1. HP: 19/19 MP: 1/1
   325 | D:2      | Reached XP level 2. HP: 23/27 MP: 2/2
   376 | D:2      | Noticed a scorpion
   419 | D:2      | Killed a scorpion
   419 | D:2      | Reached XP level 3. HP: 34/34 MP: 3/3
   457 | D:2      | Reached skill level 5 in Axes
   457 | D:2      | Reached XP level 4. HP: 31/41 MP: 4/4
   755 | D:3      | You fall into a shaft and drop 1 floor!
   913 | D:5      | Entered Level 5 of the Dungeon
   930 | D:4      | Noticed an ogre
  1069 | D:4      | Became a worshipper of Beogh the Brigand
  1069 | D:4      | Reached * piety under Beogh
  1069 | D:4      | Reached ** piety under Beogh
  1080 | D:4      | HP: 2/41 [orc wizard/+0 dagger (3)]
  1081 | D:4      | Reached skill level 7 in Axes
  1081 | D:4      | Reached skill level 5 in Armour
  1081 | D:4      | Reached XP level 5. HP: 3/51 MP: 4/8
  1084 | D:4      | Killed from afar by an orc wizard

Illustrated notes

Levels and vault maps discovered:
D:1:      minmay_arrival_glassed_features, layout_basic, minmay_misc_feat_doors
D:2:      layout_loops_ring
D:3:      layout_rooms
D:4:      layout_layer_cave, first_ration, nrook_mini_vaults
D:5:      cheibrodos_helix_gallery, layout_basic

Skill      XL: |  1  2  3  4 |
---------------+-------------+-----
Fighting       | 4 6 |  6.5
Dodging        | 3 |  3.0
Axes           | 5 7 |  7.4
Throwing       | 3 |  3.1
Armour         | 5 |  5.7
Stealth        | 3 |  3.7
Unarmed Combat | 3 |  3.7
Spellcasting   | 2 |  2.6
Invocations    | 4 |  4.5

Action                   |  1- 3 |  4- 6 || total
-------------------------+-------+-------++-------
Melee: Hand axe          |    54 |    88 ||   142
Invok: Convert to Beogh  |       |     1 ||     1
  Use: Potion            |       |     3 ||     3
  Eat: Chunk             |       |     1 ||     1
Armor: Ring mail         |    17 |    32 ||    49
Dodge: Dodged            |    29 |    59 ||    88

Table legend:
 A = Non-vault XP
 B = Vault XP
 C = Vault XP percentage of total XP
 D = Non-vault monster count
 E = Vault monster count
 F = Vault count percentage of total count
                 A         B        C        D         E       F
            +---------+---------+-------+---------+---------+-------
      Total |     162 |       0 |   0.0 |      27 |       0 |   0.0
            +---------+---------+-------+---------+---------+-------
        D:1 |       5 |       0 |   0.0 |       3 |       0 |   0.0
        D:2 |     104 |       0 |   0.0 |      13 |       0 |   0.0
        D:3 |       9 |       0 |   0.0 |       4 |       0 |   0.0
        D:4 |      41 |       0 |   0.0 |       6 |       0 |   0.0
        D:5 |       3 |       0 |   0.0 |       1 |       0 |   0.0
            +---------+---------+-------+---------+---------+-------
